 Dungeon Crawl Stone Soup version 0.23.1-37-gaa34b87 (webtiles) character file.

Game seed: 17387321650811415161

1962 vishdafish the Chopper (level 9, -15/68 HPs)
             Began as a Demonspawn Fighter on Mar 23, 2019.
             Was a Believer of Cheibriados.
             Hit by a large rock thrown by a cyclops (20 damage)
             ... on level 7 of the Dungeon.
             The game lasted 00:06:06 (4649 turns).

vishdafish the Chopper (Demonspawn Fighter)         Turns: 4649, Time: 00:06:07

Health: -15/68     AC: 17    Str: 21    XL:     9   Next: 0%
Magic:  12/12      EV:  6    Int: 20    God:    Cheibriados [**....]
Gold:   288        SH: 10    Dex: 17    Spells: 8/8 levels left

rFire    + . .     SeeInvis .   r - +2 hand axe (elec)
rCold    + . .     Gourm    +   c - +0 shield
rNeg     . . .     Faith    .   u - +2 chain mail {rC+}
rPois    .         Spirit   .   (no helmet)
rElec    .         Reflect  .   v - +0 cloak
rCorr    .         Harm     .   (no gloves)
MR       .....                  i - +0 pair of boots
Stlth    ..........             F - amulet of the gourmand
HPRegen  0.21/turn              d - ring of attention (curse)
MPRegen  0.13/turn              p - +4 ring of intelligence

@: very slightly contaminated, invisible, very slow
A: claws 2, yellow scales 2, demonic guardian 1, fire resistance 1
a: Bend Time, Renounce Religion


You were on level 7 of the Dungeon.
You worshipped Cheibriados.
Cheibriados was pleased with you.
You were not hungry.

You visited 2 branches of the dungeon, and saw 8 of its levels.

You collected 442 gold pieces.
You spent 154 gold pieces at shops.

Inventory:

Hand Weapons
 a - a +0 war axe
 r - a +2 hand axe of electrocution (weapon)
Armour
 b - a +0 scale mail
 c - a +0 shield (worn)
 i - a +0 pair of boots (worn)
 u - a +2 chain mail of cold resistance (worn)
 v - a +0 cloak (worn)
Jewellery
 d - a cursed ring of attention (left claw)
 l - an uncursed ring of fire
 p - a +4 ring of intelligence (right claw)
 F - an amulet of the gourmand (around neck)
Wands
 B - a wand of digging (1)
Scrolls
 e - a scroll of enchant armour {unknown}
 g - 6 scrolls of remove curse {unknown}
 h - 2 scrolls of identify {unknown}
 j - a scroll of immolation {unknown}
 k - a scroll of random uselessness {unknown}
 n - 2 scrolls of amnesia {unknown}
 o - 3 scrolls of noise {unknown}
 q - 2 scrolls of blinking {unknown}
 w - a scroll of fog {unknown}
 y - 2 scrolls of enchant weapon {unknown}
 A - a scroll of fear {unknown}
 E - a scroll of magic mapping {unknown}
 H - a scroll of teleportation {unknown}
Potions
 m - 3 potions of flight {unknown}
 s - 2 potions of agility {unknown}
 t - 2 potions of lignification {unknown}
 x - 2 potions of brilliance {unknown}
 C - 3 potions of curing
 G - a potion of might
Comestibles
 f - 12 rations


   Skills:
 - Level 5.5 Fighting
 + Level 6.8 Axes
 - Level 5.0 Armour
 - Level 0.3 Dodging
 - Level 0.1 Stealth
 - Level 5.0 Shields
 * Level 5.3 Invocations


You had 8 spell levels left.
You didn't know any spells.
Your spell library contained the following spells:

 Spells                   Type           Power        Failure   Level  Hunger
 Magic Dart               Conj           #...         99%         1    ##.....
 Searing Ray              Conj           #.....       100%        2    ###....
 Dazzling Spray           Conj/Hex       #.....       100%        3    ####...
 Force Lance              Conj/Tloc      #.......     100%        4    #####..
 Fulminant Prism          Conj/Hex       #.........   100%        4    #####..
 Iskenderun's Mystic Bla  Conj           #.......     100%        4    #####..


Dungeon Overview and Level Annotations

Branches:
Dungeon (7/15)             Temple (1/1) D:5

Altars:
Cheibriados
Elyvilon
Fedhas
Gozag
Hepliaklqana
Makhleb
Nemelex Xobeh
Okawaru
Qazlal
Ru
Sif Muna
Uskayaw
Vehumet
Yredelemnul
Zin
The Shining One

Shops:
D:5 !


Innate Abilities, Weirdness & Mutations

You have very sharp fingernails.
You are mostly covered in yellow scales. (AC +3)
A weak demonic guardian rushes to your aid.
Your flesh is heat resistant. (rF+)


Message History

Your ufetubus hits the cyclops but does no damage.
Your ufetubus hits the cyclops. The cyclops hits you.
* * * LOW HITPOINT WARNING * * *
Your ufetubus hits the cyclops.
Your ufetubus hits the cyclops but does no damage.
Your ufetubus hits the cyclops.
Your ufetubus hits the cyclops but does no damage. x3
The cyclops barely misses your ufetubus.
You see here a large rock.
Evoke which item? (* to show all) (? for menu, Esc to quit)
Okay, then.
Okay, then.
Your ufetubus hits the cyclops but does no damage.
Your ufetubus hits the cyclops.
Your ufetubus barely misses the cyclops. x2
The cyclops hits your ufetubus!
Your ufetubus dies!
The cyclops shouts!
The cyclops throws a large rock.
The large rock hits you!!
You die...

#........#.##.#.### .# #.
.##.#......#(>......## . ..
..#...........#(#.......# .#...#
...###...#)#..#.........#
#...#W#..............(.....>...##
...#...#.#.##...#...#..#.#.......
.........#.[.....†<....#.###.....
.#...#.....##...##(....#.# ##....
#...#!#.........@.#............#.
...#...#.#'##'#.#.#.####.#######.
..............(...#.. ..# #.
....#####.......############ ##
.... ..'...C...######.....# ####
###.#####.......##....†###.# #...
#.............##.....# #.###...
#########.....##.....# #.#.....
#.....'......# #.#.....


You could see a cyclops.

Vanquished Creatures
  Grinder (D:6)
  A hippogriff (D:7)
  A hungry ghost (D:7)
  An ice beast (D:7)
  A sky beast (D:6)
  A phantom (D:7)
  An orc warrior (D:6)
  A bullfrog (D:6)
  A scorpion (D:5)
  3 howler monkeys
  A centaur zombie (D:6)
  A crimson imp (D:7)
  A jelly (D:7)
  5 hounds
  3 orc priests
  2 orc wizards
  A gnoll shaman (D:5)
  2 iguanas
  Ijyb (D:5)
  4 worker ants
  Terence (D:2)
  A hound skeleton (D:6)
  7 gnolls (D:5)
  11 adders
  A shadow imp (D:6)
  2 adder zombies
  4 worms
  2 dart slugs
  4 leopard geckos
  14 orcs
  9 giant cockroaches
  8 goblins
  5 hobgoblins
  9 jackals
  2 kobolds
  2 quokkas
  2 ball pythons
  8 bats
  6 frilled lizards
  A jackal skeleton (D:4)
  5 rats
137 creatures vanquished.

Vanquished Creatures (collateral kills)
  A phantom (D:6)
  An iguana (D:7)
  A leopard gecko (D:7)
3 creatures vanquished.

Grand Total: 140 creatures vanquished

Notes
Turn   | Place    | Note
-------+----------+-------------------------------------------
     0 | D:1      | vishdafish the Demonspawn Fighter began the quest for the
                  | Orb.
     0 | D:1      | Reached XP level 1. HP: 18/18 MP: 1/1
   530 | D:1      | Gained mutation: You have sharp fingernails. [demonic
                  | ancestry]
   530 | D:1      | Reached XP level 2. HP: 22/24 MP: 2/2
   803 | D:2      | Reached skill level 2 in Axes
   805 | D:2      | Found a radiant altar of Vehumet.
  1055 | D:2      | Reached XP level 3. HP: 29/29 MP: 3/3
  1113 | D:2      | Noticed Terence
  1129 | D:2      | Killed Terence
  1129 | D:2      | Gained mutation: You are partially covered in yellow
                  | scales. (AC +2) [demonic ancestry]
  1129 | D:2      | Reached XP level 4. HP: 15/35 MP: 4/4
  1588 | D:3      | Reached skill level 3 in Axes
  1600 | D:3      | Gained mutation: You are mostly covered in yellow scales.
                  | (AC +3) [demonic ancestry]
  1600 | D:3      | Reached XP level 5. HP: 16/42 MP: 5/5
  2625 | D:4      | Gained mutation: Your flesh is heat resistant. (rF+)
                  | [demonic ancestry]
  2625 | D:4      | Reached XP level 6. HP: 30/48 MP: 6/6
  3077 | D:5      | Entered Level 5 of the Dungeon
  3085 | D:5      | Reached skill level 4 in Axes
  3465 | D:5      | Found a staircase to the Ecumenical Temple.
  3474 | Temple   | Entered the Ecumenical Temple
  3481 | Temple   | Became a worshipper of Cheibriados the Contemplative
  3526 | D:5      | Gained mutation: A weak demonic guardian rushes to your
                  | aid. [demonic ancestry]
  3526 | D:5      | Reached XP level 7. HP: 48/55 MP: 7/7
  3543 | D:5      | Noticed Ijyb
  3556 | D:5      | Killed Ijyb
  3792 | D:5      | Found Xyrasmeh's Distillery.
  3795 | D:5      | Bought 2 potions of curing for 84 gold pieces
  3795 | D:5      | Bought a potion of heal wounds for 70 gold pieces
  4001 | D:6      | Reached * piety under Cheibriados
  4001 | D:6      | Reached skill level 5 in Axes
  4058 | D:6      | Noticed Grinder
  4067 | D:6      | Paralysed by Grinder for 2 turns
  4070 | D:6      | Paralysed by Grinder for 7 turns
  4082 | D:6      | Killed Grinder
  4082 | D:6      | Reached skill level 5 in Fighting
  4141 | D:6      | Gained mutation: You have very sharp fingernails. [demonic
                  | ancestry]
  4141 | D:6      | Reached XP level 8. HP: 50/62 MP: 8/8
  4389 | D:7      | Reached skill level 6 in Axes
  4436 | D:7      | Reached skill level 5 in Armour
  4436 | D:7      | Reached skill level 5 in Shields
  4441 | D:7      | Noticed a hippogriff
  4466 | D:7      | Reached skill level 1 in Invocations
  4478 | D:6      | Reached ** piety under Cheibriados
  4569 | D:7      | Killed a hippogriff
  4595 | D:7      | Reached skill level 5 in Invocations
  4627 | D:7      | Reached XP level 9. HP: 46/68 MP: 12/12
  4633 | D:7      | Noticed a cyclops
  4649 | D:7      | Hit by a large rock thrown by a cyclops

Skill      XL: |  1  2  3  4  5  6  7  8 |
---------------+-------------------------+-----
Axes           | 2 3 4 5 6 |  6.8
Armour         | 3 4 5 |  5.0
Shields        | 3 4 5 |  5.0
Fighting       | 4 5 |  5.5
Invocations    | 5 |  5.3
Dodging        | |  0.3
Stealth        | |  0.1

Action                   |  1- 3 |  4- 6 |  7- 9 || total
-------------------------+-------+-------+-------++-------
Melee: War axe           |    82 |   118 |       ||   200
       Hand axe          |       |   130 |   183 ||   313
  Use: Potion            |     2 |     1 |     2 ||     5
 Stab: Invisible         |       |     1 |     1 ||     2
       Distracted        |       |       |     1 ||     1
  Eat: Chunk             |       |     8 |     3 ||    11
       Ration            |       |       |     1 ||     1
Armor: Scale mail        |    48 |    96 |       ||   144
       Chain mail        |       |    67 |    85 ||   152
Dodge: Dodged            |    31 |    73 |    38 ||   142
Block: Shield            |    50 |   144 |    63 ||   257
